MAA
NORTONVILLE CHEROKEES @ VILLA RIDGE BRONCHOS
06/03/2018
 
TOP OF THE 1ST
Nortonville Cherokees batting - Pitching for Villa Ridge Bronchos : RHP Jim Unknown
Pitching: RHP Jim Unknown
Batting: RHB Roy Childress 0-0: Foul Ball, location: 2F
0-1: Ball
1-1: Swinging Strike
1-2: Foul Ball, location: 2F
1-2: Ball
2-2: Foul Ball, location: 2F
2-2: Foul Ball, location: 2F
2-2: Strikes out swinging
Batting: RHB Víctor López 0-0: Ball
1-0: Foul Ball, location: 2F
1-1: Ball
2-1: Foul Ball, location: 2F
2-2: Foul Ball, location: 2F
2-2: Strikes out looking
Batting: RHB José Correa 0-0: Ball
1-0: Ground out 5-3 (Groundball, 5S)
Top of the 1st over - 0 run(s), 0 hit(s), 0 error(s), 0 left on base; Nortonville 0 - Villa Ridge 0
BOTTOM OF THE 1ST
Villa Ridge Bronchos batting - Pitching for Nortonville Cherokees : LHP Clemente Buarcos
Pitching: LHP Clemente Buarcos
Batting: LHB Rick Watson 0-0: Ground out U3 (Groundball, 3S)
Batting: SHB Ken Osborne 0-0: Ball
1-0: Ball
2-0: Called Strike
2-1: Ground out 3-1 (Groundball, 34S)
Batting: LHB Ray Schneider 0-0: Called Strike
0-1: Ball
1-1: Foul Ball, location: 2F
1-2: Ball
2-2: Ball
3-2: Foul Ball, location: 2F
3-2: Ground out 4-3 (Groundball, 4)
Bottom of the 1st over - 0 run(s), 0 hit(s), 0 error(s), 0 left on base; Nortonville 0 - Villa Ridge 0
TOP OF THE 2ND
Nortonville Cherokees batting - Pitching for Villa Ridge Bronchos : RHP Jim Unknown
Batting: RHB Bob MacGruder 0-0: Ball
1-0: Called Strike
1-1: SINGLE (Groundball, 34D)
Batting: RHB Ron Schneider 0-0: Ball
1-0: Called Strike
1-1: Grounds into double play, 6-4-3 (Groundball, 6)
Batting: RHB Edén Mont 0-0: Swinging Strike
0-1: Called Strike
0-2: Ball
1-2: Fly out, F9 (Flyball, 9M)
Top of the 2nd over - 0 run(s), 1 hit(s), 0 error(s), 0 left on base; Nortonville 0 - Villa Ridge 0
BOTTOM OF THE 2ND
Villa Ridge Bronchos batting - Pitching for Nortonville Cherokees : LHP Clemente Buarcos
Batting: LHB Lonnie Austin 0-0: Ball
1-0: Ground out U3 (Groundball, 3)
Batting: RHB Lindsay Stewart 0-0: Swinging Strike
0-1: Called Strike
0-2: Ball
1-2: Strikes out swinging
Batting: SHB Felipe González 0-0: Fly out, F5 (Popup, 5F)
Bottom of the 2nd over - 0 run(s), 0 hit(s), 0 error(s), 0 left on base; Nortonville 0 - Villa Ridge 0
TOP OF THE 3RD
Nortonville Cherokees batting - Pitching for Villa Ridge Bronchos : RHP Jim Unknown
Batting: RHB Chris Oudekirk 0-0: Ball
1-0: Foul Ball, location: 2F
1-1: Ball
2-1: Swinging Strike
2-2: Strikes out swinging
Batting: RHB David Smith 0-0: Ball
1-0: Ground out 6-3 (Groundball, 6M)
Now at SS: Jim Unknown
Batting: LHB Sean Booth 0-0: Called Strike
0-1: Ball
1-1: Swinging Strike
1-2: Strikes out looking
Top of the 3rd over - 0 run(s), 0 hit(s), 0 error(s), 0 left on base; Nortonville 0 - Villa Ridge 0
BOTTOM OF THE 3RD
Villa Ridge Bronchos batting - Pitching for Nortonville Cherokees : LHP Clemente Buarcos
Batting: RHB Adrian Draper 0-0: Ball
1-0: SINGLE (Groundball, 56D)
Batting: RHB Salvador Martínez 0-0: Ball
1-0: Fielders Choice at 2nd, 6-4 (Groundball, 56)
Batting: SHB Shawn Sánchez 0-0: Ball
1-0: Ball
2-0: Ball
3-0: Base on Balls
Salvador Martínez to second
Batting: LHB Rick Watson 0-0: Foul Ball, location: 2F
0-1: Called Strike
0-2: Ball
1-2: Ball
2-2: Ball
3-2: Strikes out swinging
Batting: RHB Jim Unknown 0-0: Called Strike
0-1: Ball
1-1: Foul Ball, location: 2F
1-2: Ball
2-2: Ball
3-2: Fly out, F5 (Line Drive, 5)
Bottom of the 3rd over - 0 run(s), 1 hit(s), 0 error(s), 2 left on base; Nortonville 0 - Villa Ridge 0
TOP OF THE 4TH
Nortonville Cherokees batting - Pitching for Villa Ridge Bronchos : RHP Jim Unknown
Batting: RHB Roy Childress 0-0: Ball
1-0: Foul Ball, location: 2F
1-1: Fly out, F8 (Flyball, 8LS)
Batting: RHB Víctor López 0-0: Foul Ball, location: 2F
0-1: Ball
1-1: Ball
2-1: Fly out, F3 (Line Drive, 3S)
Batting: RHB José Correa 0-0: Ball
1-0: Ball
2-0: Called Strike
2-1: Ground out 6-3 (Groundball, 6)
Top of the 4th over - 0 run(s), 0 hit(s), 0 error(s), 0 left on base; Nortonville 0 - Villa Ridge 0
BOTTOM OF THE 4TH
Villa Ridge Bronchos batting - Pitching for Nortonville Cherokees : LHP Clemente Buarcos
Batting: LHB Ray Schneider 0-0: Ball
1-0: Foul Ball, location: 2F
1-1: Ball
2-1: Fly out, F4 (Popup, 4MD)
Batting: LHB Lonnie Austin 0-0: Called Strike
0-1: Ball
1-1: Ground out U3 (Groundball, 3L)
Batting: RHB Lindsay Stewart 0-0: Foul Ball, location: 2F
0-1: Ground out 6-3 (Groundball, 6M)
Bottom of the 4th over - 0 run(s), 0 hit(s), 0 error(s), 0 left on base; Nortonville 0 - Villa Ridge 0
TOP OF THE 5TH
Nortonville Cherokees batting - Pitching for Villa Ridge Bronchos : RHP Jim Unknown
Batting: RHB Bob MacGruder 0-0: Ball
1-0: Fly out, F8 (Flyball, 8RS)
Batting: RHB Ron Schneider 0-0: Ball
1-0: Foul Ball, location: 2F
1-1: SINGLE (Line Drive, 56)
Batting: RHB Edén Mont 0-0: Called Strike
Ron Schneider steals 2nd base
0-1: Ball
1-1: Ball
2-1: SINGLE (Groundball, 6MD)
Ron Schneider to third
Runner from 3rd tries for Home, SAFE, no throw or cutoff
Batting: RHB Chris Oudekirk 0-0: Reached on error, E6 (Groundball, 6)
Edén Mont to second
Batting: RHB David Smith 0-0: Called Strike
0-1: Swinging Strike
0-2: Strikes out swinging
Batting: LHB Sean Booth 0-0: Ball
1-0: Ball
2-0: Called Strike
2-1: Foul Ball, location: 2F
2-2: Ball
3-2: Foul Ball, location: 2F
3-2: Strikes out swinging
Top of the 5th over - 1 run(s), 2 hit(s), 1 error(s), 2 left on base; Nortonville 1 - Villa Ridge 0
BOTTOM OF THE 5TH
Villa Ridge Bronchos batting - Pitching for Nortonville Cherokees : LHP Clemente Buarcos
Batting: SHB Felipe González 0-0: Ball
1-0: Ground out 1-3 (Groundball, 13)
Batting: RHB Adrian Draper 0-0: Ball
1-0: Called Strike
1-1: Fly out, F3 (Line Drive, 34S)
Batting: RHB Salvador Martínez 0-0: Ball
1-0: Ball
2-0: Ball
3-0: Base on Balls
Batting: SHB Shawn Sánchez 0-0: Fielders Choice at 2nd, 6-4 (Groundball, 6)
Bottom of the 5th over - 0 run(s), 0 hit(s), 0 error(s), 0 left on base; Nortonville 1 - Villa Ridge 0
TOP OF THE 6TH
Nortonville Cherokees batting - Pitching for Villa Ridge Bronchos : RHP Jim Unknown
Batting: RHB Roy Childress 0-0: Foul Ball, location: 2F
0-1: Ball
1-1: Ground out 4-3 (Groundball, 4)
Batting: RHB Víctor López 0-0: Called Strike
0-1: Ball
1-1: Foul Ball, location: 2F
1-2: Foul Ball, location: 2F
1-2: Ground out 6-3 (Groundball, 6M)
Batting: RHB José Correa 0-0: Ball
1-0: Called Strike
1-1: Ball
2-1: Ball
3-1: Called Strike
3-2: Base on Balls
Batting: RHB Bob MacGruder 0-0: Ball
1-0: Fly out, F9 (Flyball, 9S)
Top of the 6th over - 0 run(s), 0 hit(s), 0 error(s), 1 left on base; Nortonville 1 - Villa Ridge 0
BOTTOM OF THE 6TH
Villa Ridge Bronchos batting - Pitching for Nortonville Cherokees : LHP Clemente Buarcos
Batting: LHB Rick Watson 0-0: Ball
1-0: Foul Ball, location: 2F
1-1: SINGLE (Line Drive, 3D)
Batting: RHB Jim Unknown 0-0: Bunted foul
0-1: Bunted foul
0-2: Fly out, F3 (Popup, 3F)
Batting: LHB Ray Schneider 0-0: Ball
1-0: Ball
2-0: Called Strike
2-1: Foul Ball, location: 2F
2-2: Strikes out swinging
Batting: LHB Lonnie Austin 0-0: Foul Ball, location: 2F
0-1: Foul Ball, location: 2F
0-2: Strikes out swinging
Bottom of the 6th over - 0 run(s), 1 hit(s), 0 error(s), 1 left on base; Nortonville 1 - Villa Ridge 0
TOP OF THE 7TH
Nortonville Cherokees batting - Pitching for Villa Ridge Bronchos : RHP Jim Unknown
Batting: RHB Ron Schneider 0-0: Called Strike
0-1: Foul Ball, location: 2F
0-2: Foul Ball, location: 2F
0-2: Ball
1-2: Foul Ball, location: 2F
1-2: Fly out, F7 (Flyball, 78M)
Batting: RHB Edén Mont 0-0: Ball
1-0: Ball
2-0: Swinging Strike
2-1: Foul Ball, location: 2F
2-2: Foul Ball, location: 2F
2-2: Ground out 6-3 (Groundball, 6)
Batting: RHB Chris Oudekirk 0-0: Fly out, F5 (Line Drive, 56)
Top of the 7th over - 0 run(s), 0 hit(s), 0 error(s), 0 left on base; Nortonville 1 - Villa Ridge 0
BOTTOM OF THE 7TH
Villa Ridge Bronchos batting - Pitching for Nortonville Cherokees : LHP Clemente Buarcos
Batting: RHB Lindsay Stewart 0-0: Ball
1-0: Fly out, F9 (Flyball, 9LM)
Batting: SHB Felipe González 0-0: Ball
1-0: Called Strike
1-1: Ball
2-1: Swinging Strike
2-2: Fly out, F8 (Flyball, 8RD)
Batting: RHB Adrian Draper 0-0: Foul Ball, location: 2F
0-1: Ball
1-1: Ball
2-1: Fly out, F7 (Line Drive, 7M)
Bottom of the 7th over - 0 run(s), 0 hit(s), 0 error(s), 0 left on base; Nortonville 1 - Villa Ridge 0
TOP OF THE 8TH
Nortonville Cherokees batting - Pitching for Villa Ridge Bronchos : RHP Jim Unknown
Batting: RHB David Smith 0-0: Fly out, F8 (Flyball, 8RM)
Batting: LHB Sean Booth 0-0: Ball
1-0: Ball
2-0: Called Strike
2-1: Called Strike
2-2: Ball
3-2: Foul Ball, location: 2F
3-2: Foul Ball, location: 2F
3-2: Strikes out swinging
Batting: RHB Roy Childress 0-0: Ball
1-0: Reached on error, E6 (Groundball, 6)
Pitching: RHP Pat McCormick
Pinch Hitting: LHB Jim Unknown 0-0: Foul Ball, location: 2F
0-1: Ball
1-1: Reached on error, E6 (Groundball, 6)
Roy Childress to second
Pinch Hitting: LHB Jim Unknown 0-0: SINGLE (Groundball, 56D)
Roy Childress to third
Jim Unknown to second
Runner from 3rd tries for Home, SAFE, no throw or cutoff
Batting: RHB Bob MacGruder 0-0: Called Strike
0-1: Ball
1-1: Ball
2-1: Swinging Strike
2-2: Strikes out swinging
Top of the 8th over - 1 run(s), 1 hit(s), 2 error(s), 2 left on base; Nortonville 2 - Villa Ridge 0
BOTTOM OF THE 8TH
Villa Ridge Bronchos batting - Pitching for Nortonville Cherokees : LHP Clemente Buarcos
Now at 2B: Jim Unknown
Now in RF: Jim Unknown
Batting: RHB Salvador Martínez 0-0: Called Strike
0-1: Ball
1-1: Foul Ball, location: 2F
1-2: Foul Ball, location: 2F
1-2: Strikes out looking
Batting: SHB Shawn Sánchez 0-0: Called Strike
0-1: Foul Ball, location: 2F
0-2: Ball
1-2: Ball
2-2: Ball
3-2: Foul Ball, location: 2F
3-2: Foul Ball, location: 2F
3-2: Foul Ball, location: 2F
3-2: Strikes out swinging
Batting: LHB Rick Watson 0-0: Ball
1-0: Ball
2-0: Ball
3-0: Base on Balls
Batting: RHB Jim Unknown 0-0: Called Strike
0-1: Fielders Choice at 2nd, U4 (Groundball, 4M)
Bottom of the 8th over - 0 run(s), 0 hit(s), 0 error(s), 1 left on base; Nortonville 2 - Villa Ridge 0
TOP OF THE 9TH
Nortonville Cherokees batting - Pitching for Villa Ridge Bronchos : RHP Pat McCormick
Pitching: RHP Jim Unknown
Batting: RHB Ron Schneider 0-0: Ball
1-0: Swinging Strike
1-1: SINGLE (Groundball, 34D)
Batting: RHB Edén Mont 0-0: SINGLE (Line Drive, 56)
Ron Schneider to second
Batting: RHB Chris Oudekirk 0-0: DOUBLE (Groundball, 5L)
Ron Schneider scores
Edén Mont to third
Batting: RHB David Smith 0-0: Intentional Walk
Pitching: LHP Robert Byrd
Pinch Hitting: RHB Cristián Cruz 0-0: Called Strike
0-1: Called Strike
0-2: Ball
1-2: Grounds into double play, 4-2-3 (Groundball, 4)
Chris Oudekirk to third
David Smith to second
Batting: RHB Roy Childress 0-0: Swinging Strike
0-1: Ball
1-1: Ball
2-1: Ball
3-1: Ground out 5-3 (Groundball, 56)
Top of the 9th over - 1 run(s), 3 hit(s), 0 error(s), 2 left on base; Nortonville 3 - Villa Ridge 0
BOTTOM OF THE 9TH
Villa Ridge Bronchos batting - Pitching for Nortonville Cherokees : LHP Clemente Buarcos
Pitching: RHP Eduardo Capata
Now at C: Scott Sullivan
Batting: LHB Ray Schneider 0-0: Called Strike
0-1: Ball
1-1: Foul Ball, location: 2F
1-2: Ball
2-2: Reached on Error, E9 (Flyball, 9M)
Batting: LHB Lonnie Austin 0-0: Called Strike
0-1: Ball
1-1: Foul Ball, location: 2F
1-2: Strikes out looking
Batting: RHB Lindsay Stewart 0-0: Called Strike
0-1: Called Strike
0-2: Ball
1-2: Foul Ball, location: 2F
1-2: Foul Ball, location: 2F
1-2: Fly out, F4 (Popup, 4MD)
Batting: SHB Felipe González 0-0: Swinging Strike
0-1: Ball
1-1: Ball
2-1: Foul Ball, location: 2F
2-2: Strikes out swinging
Bottom of the 9th over - 0 run(s), 0 hit(s), 1 error(s), 1 left on base; Nortonville 3 - Villa Ridge 0
This league is powered by Out of the Park Baseball, the baseball management simulation game for PC, Mac and Linux
Monday, May 4th, 2015 - OOTP Baseball 15.6 Build 34